Map: Lightshade LE

Players

Kinnicoun

  • Race: Terran Terran
  • League: Diamond

Kajmera - Winner!

  • Race: Protoss Protoss
  • League: Diamond

VOD

Have the link to the VOD?

Description

absolute gem of a PvT

Time

  • Played on: July 20, 2021, 3:06 p.m.
  • Length: 13:25
Show
View Real Time Build Order
Export as new Build Order

Kinnicoun Terran 

Build Orders:  

Get SALT Encoding   

  12  0:00  SCV  
  13  0:12  SCV  
  14  0:16  Supply Depot  
  14  0:24  SCV  
  15  0:38  Refinery, SCV  
  16  0:43  Barracks  
  16  0:50  SCV  
  17  1:02  SCV  
  18  1:19  SCV  
  19  1:31  SCV  
  20  1:45  Orbital Command  
  20  1:46  Reaper  
  21  1:49  Command Center  
  21  1:51  Refinery  
  21  2:06  Supply Depot  
  21  2:10  SCV  
  23  2:22  SCV  
  23  2:24  Barracks Reactor  
  23  2:25  Factory  
  23  2:34  SCV  
  24  2:47  SCV  
  25  2:59  SCV  
  25  3:04  Orbital Command  
  25  3:11  Starport  
  25  3:15  Barracks Tech Lab  
  25  3:17  Widow Mine x2  
  25  3:19  SCV  
  30  3:26  Command Center  
  30  3:31  SCV  
  31  3:34  SCV  
  31  3:38  Widow Mine x2  
  36  3:47  Medivac  
  38  3:49  SCV x2  
  40  4:01  SCV x2  
  42  4:12  Marine  
  42  4:13  SCV  
  42  4:14  Hellion  
  46  4:28  Supply Depot  
  46  4:30  Supply Depot  
  46  4:31  Supply Depot  
  46  4:37  Liberator  
  46  4:38  SCV x2, Hellion  
  53  4:41  Armory, Orbital Command  
  53  5:09  SCV  
  53  5:10  SCV x2  
  56  5:18  Supply Depot  
  56  5:21  Barracks, SCV, Marine  
  57  5:22  Stimpack, SCV  
  57  5:25  Orbital Command  
  59  5:31  Refinery  
  59  5:34  Refinery  
  59  5:36  Supply Depot  
  59  5:37  Factory Tech Lab  
  53  6:04  SCV x2  
  53  6:06  Siege Tank  
  57  6:13  Barracks, Barracks Reactor  
  57  6:15  Marine  
  57  6:18  Engineering Bay  
  58  6:22  Medivac x2  
  58  6:33  Marine  
  57  6:43  SCV  
  57  6:44  SCV x2  
  60  6:48  Thor  
  60  6:50  Marine  
  65  6:56  SCV x2  
  65  6:59  Missile Turret  
  67  7:03  Missile Turret, Terran Infantry Weapons Level 1  
  67  7:04  Missile Turret, SCV  
  67  7:06  Marine x3  
  67  7:07  Combat Shield  
  67  7:08  SCV x2  
  73  7:16  SCV  
  73  7:20  SCV x2  
  74  7:31  Marine x2  
  60  7:57  Marine x2  
  54  7:59  Medivac  
  54  8:00  Marauder, Widow Mine, Marine  
  52  8:14  Marine  
  52  8:15  Marine  
  52  8:17  Marine  
  48  8:21  Siege Tank  
  48  8:22  Marauder  
  51  8:32  Marine x2  
  51  8:45  Marauder, Marine  
  54  8:50  Marine x2  
  54  9:03  Marine  
  55  9:24  Orbital Command  
  55  9:38  Barracks Tech Lab  
  55  9:57  Bunker  
  55  9:59  Missile Turret  
  55  10:05  Supply Depot  
  55  10:06  Supply Depot  
  55  10:22  Concussive Shells  
  55  10:24  Command Center  
  55  10:26  Marine x2  
  55  10:27  SCV, Marauder x2  
  55  10:28  Supply Depot, SCV  
  63  10:33  Supply Depot  
  63  10:39  SCV  
  64  10:43  SCV  
  64  10:44  Marine x2  
  67  11:22  SCV x2  
  69  11:37  Marine x2  
  69  11:38  Marauder, Marine  
  66  12:20  SCV x2  
  68  12:25  Missile Turret  
  68  12:30  Refinery  
  68  12:31  Refinery  
  68  12:47  Missile Turret, Orbital Command  
  68  12:48  Siege Tank, Marine x2  
  68  12:49  Missile Turret, Marauder, Marine  
  76  12:53  SCV x2  
  78  12:58  Engineering Bay  
  78  13:06  Marine  
Show
View Real Time Build Order
Export as new Build Order

Kajmera Protoss - Winner!

Build Orders: 1 Gate Expand, Oracle Opening 

Get SALT Encoding   

  12  0:00  Probe  
  13  0:12  Probe  
  14  0:18  Pylon  
  14  0:24  Probe (Chrono Boost)  
  15  0:36  Probe (Chrono Boost)  
  15  0:39  Gateway  
  16  0:45  Probe (Chrono Boost)  
  17  0:51  Probe  
  17  0:54  Assimilator  
  18  1:03  Probe (Chrono Boost)  
  18  1:13  Probe (Chrono Boost)  
  18  1:18  Probe (Chrono Boost)  
  20  1:31  Nexus  
  20  1:38  Cybernetics Core  
  20  1:41  Probe  
  21  1:50  Pylon  
  21  1:53  Probe  
  22  1:56  Assimilator  
  22  2:06  Probe (Chrono Boost)  
  24  2:16  Probe (Chrono Boost)  
  24  2:17  Stargate  
  24  2:21  Probe (Chrono Boost)  
  24  2:28  Adept  
  27  2:32  Probe  
  28  2:39  Warp Gate (Chrono Boost)  
  28  2:41  Pylon  
  28  2:43  Probe  
  29  2:44  Probe  
  30  2:55  Probe  
  28  3:06  Probe  
  28  3:07  Probe  
  28  3:09  Oracle  
  33  3:18  Stalker, Probe (Chrono Boost)  
  37  3:21  Shield Battery  
  37  3:24  Probe (Chrono Boost)  
  37  3:30  Probe (Chrono Boost)  
  37  3:34  Probe x2 (Chrono Boost)  
  40  3:43  Probe  
  40  3:45  Probe  
  40  3:46  Oracle  
  45  3:48  Adept  
  47  3:55  Probe  
  47  3:57  Probe  
  47  3:59  Assimilator  
  49  4:04  Pylon  
  49  4:07  Forge, Probe  
  49  4:09  Probe  
  48  4:20  Probe  
  48  4:21  Probe  
  50  4:25  Phoenix  
  50  4:31  Protoss Ground Weapons Level 1  
  52  4:32  Probe  
  52  4:33  Probe  
  52  4:36  Stalker  
  56  4:44  Probe (Chrono Boost)  
  58  4:46  Robotics Facility, Gateway  
  58  4:48  Assimilator  
  58  4:49  Pylon  
  58  4:50  Probe (Chrono Boost)  
  58  4:54  Phoenix  
  58  4:55  Probe (Chrono Boost)  
  58  4:59  Probe (Chrono Boost)  
  62  5:07  Probe  
  62  5:08  Gateway  
  62  5:09  Probe  
  62  5:10  Gateway  
  64  5:19  Probe  
  64  5:20  Phoenix (Chrono Boost)  
  67  5:36  Zealot  
  67  5:38  Nexus  
  67  5:40  Pylon  
  67  5:41  Phoenix (Chrono Boost)  
  57  6:05  Zealot x2  
  57  6:06  Stalker, Zealot  
  57  6:07  Probe x2 (Chrono Boost)  
  54  6:15  Observer  
  54  6:17  Probe x2 (Chrono Boost)  
  57  6:21  Probe (Chrono Boost)  
  57  6:22  Probe (Chrono Boost)  
  59  6:37  Observer  
  59  6:38  Stalker x2, Zealot  
  59  6:39  Stalker  
  68  6:44  Protoss Ground Armor Level 1 (Chrono Boost)  
  68  6:53  Twilight Council  
  68  6:58  Stalker  
  59  7:52  Stalker x4  
  57  8:29  Stalker x3  
  57  8:30  Stalker, Probe x2  
  57  8:32  Probe  
  68  8:42  Probe  
  68  8:43  Probe  
  68  8:44  Probe  
  71  8:50  Gateway  
  71  8:54  Probe  
  71  8:55  Probe  
  73  8:57  Probe  
  73  8:58  Observer  
  71  9:16  Probe x3  
  62  9:18  Zealot x2  
  66  9:28  Probe x3  
  66  9:31  Charge (Chrono Boost)  
  69  9:32  Dark Shrine  
  69  9:40  Probe x3  
  72  9:48  Observer  
  72  9:54  Probe x2  
  72  9:55  Probe  
  72  9:56  Protoss Ground Weapons Level 2 (Chrono Boost)  
  75  10:03  Warp Prism (Chrono Boost)  
  75  10:06  Probe x2  
  75  10:07  Probe  
  80  10:18  Probe  
  81  10:29  Observer (Chrono Boost)  
  80  10:47  Immortal  
  80  10:48  Stalker x4  
  92  10:53  Pylon  
  92  10:55  Pylon  
  92  10:57  Pylon  
  92  10:59  Assimilator, Blink (Chrono Boost)  
  92  11:02  Assimilator  
  86  11:19  Dark Templar x3  
  86  11:23  Dark Templar  
  88  11:54  Dark Templar  
  88  11:55  Dark Templar  
  88  11:56  Dark Templar  
  88  12:20  Stalker  
  88  12:21  Stalker  
  88  12:22  Gateway  
  90  12:25  Gateway  
  90  12:27  Pylon  
  90  12:28  Gateway  
  90  12:29  Pylon  
  89  12:31  Pylon x2  
  89  12:32  Pylon  
  89  12:35  Pylon  
  89  12:47  Void Ray (Chrono Boost)  
  88  12:52  Zealot  
  88  12:53  Zealot x4  
  102  13:07  Gateway  
  102  13:09  Nexus  
  88  13:21  Zealot  
  88  13:22  Zealot  
Tags
 
Add a new tag
Caveats
  • Supply blocks, unpowered buildings, or Contaminate may cause inaccurate times.
  • Supply counts are checked every 10 seconds.